Map: Site Delta LE

Players

KARALHO

  • Race: Zerg Zerg
  • League: Diamond
  • Spawn Location: 11:00

IIIIIIIIIIII - Winner!

  • Race: Terran Terran
  • League: Master
  • Spawn Location: 5:00

VOD

Have the link to the VOD?

Description

Time

  • Played on: May 10, 2024, 7:05 a.m.
  • Length: 37:47
Show
View Real Time Build Order
Export as new Build Order

KARALHO Zerg 

Build Orders: Hatch First, Lurkers 

Get SALT Encoding   

  12  0:03  Drone  
  13  0:08  Drone  
  14  0:16  Extractor, Drone  
  15  0:22  Overlord  
  15  0:41  Drone x2  
  17  0:52  Hatchery  
  16  1:07  Spawning Pool  
  16  1:10  Drone  
  16  1:14  Drone  
  16  1:18  Drone  
  18  1:22  Drone  
  18  1:24  Extractor  
  18  1:32  Drone  
  19  1:44  Drone  
  20  1:54  Queen  
  20  1:56  Roach Warren  
  20  2:00  Drone  
  22  2:04  Queen  
  24  2:10  Overlord  
  24  2:18  Drone  
  24  2:20  Drone  
  26  2:36  Roach  
  26  2:37  Roach x2  
  32  2:38  Roach  
  32  2:41  Roach  
  36  2:48  Overlord  
  36  3:06  Overlord  
  36  3:07  Drone  
  36  3:08  Drone x4  
  36  3:10  Extractor  
  40  3:14  Metabolic Boost  
  40  3:16  Drone  
  42  3:20  Drone  
  42  3:22  Drone  
  42  3:25  Drone  
  44  3:29  Drone  
  44  3:31  Drone  
  46  3:36  Spore Crawler  
  46  3:37  Drone  
  46  3:44  Ravager  
  47  3:50  Drone  
  47  3:52  Drone x4  
  47  3:54  Extractor  
  51  3:57  Lair  
  49  4:14  Ravager  
  48  4:17  Drone x3  
  48  4:19  Drone  
  48  4:21  Overlord x2  
  48  4:23  Extractor  
  51  4:24  Ravager  
  52  4:31  Overlord  
  52  4:34  Spore Crawler  
  52  4:36  Drone  
  52  4:37  Overlord  
  52  5:04  Queen x2, Spore Crawler  
  52  5:05  Spore Crawler  
  50  5:10  Spore Crawler  
  50  5:11  Spore Crawler  
  30  5:36  Drone x3  
  30  5:37  Drone x4  
  30  5:40  Queen, Drone x5  
  40  5:56  Drone  
  40  5:57  Drone x2  
  43  6:00  Drone  
  43  6:01  Spire  
  43  6:12  Roach  
  43  6:13  Roach x2  
  49  6:21  Roach x2  
  47  6:39  Drone x2  
  45  6:40  Drone x3  
  45  6:41  Drone x2  
  49  6:51  Drone  
  49  6:52  Drone  
  51  7:06  Drone  
  52  7:15  Corruptor x2  
  54  7:16  Corruptor  
  54  7:22  Ravager x3  
  59  7:27  Overlord  
  58  7:45  Overlord x2  
  58  7:48  Drone x2  
  58  7:50  Overseer  
  60  7:59  Overlord x2  
  60  8:02  Overlord  
  60  8:09  Drone  
  60  8:10  Drone x2  
  60  8:11  Zerg Flyer Weapons Level 1  
  63  8:19  Corruptor  
  58  8:28  Drone x5  
  63  8:41  Drone  
  63  8:42  Drone  
  63  8:43  Drone x3  
  68  9:00  Hatchery  
  58  9:05  Zergling x2  
  58  9:06  Zergling x4  
  58  9:07  Zergling x6  
  58  9:08  Zergling x4  
  60  9:26  Zergling x4  
  60  9:27  Zergling x8  
  66  9:38  Roach  
  68  9:39  Roach  
  68  9:42  Hydralisk Den  
  66  10:13  Drone  
  67  10:16  Hydralisk x3  
  67  10:17  Hydralisk x2  
  77  10:22  Drone x3  
  77  10:28  Lurker Den  
  79  10:29  Burrow  
  79  10:36  Drone  
  79  10:37  Ravager x2  
  79  10:40  Drone x2  
  79  10:41  Queen  
  86  10:43  Spine Crawler  
  86  10:45  Spine Crawler  
  85  10:50  Drone x2  
  73  11:19  Zergling x14  
  73  11:20  Zergling x4  
  73  11:21  Zergling x8  
  73  11:22  Zergling x4  
  88  11:37  Lurker  
  88  11:38  Lurker x4  
  93  11:43  Infestation Pit  
  92  11:50  Extractor x2, Drone x2  
  92  11:51  Drone x4  
  92  11:52  Drone x4  
  100  12:02  Corruptor x3  
  100  12:05  Overlord  
  100  12:06  Zerg Flyer Weapons Level 2  
  106  12:11  Spore Crawler x2  
  102  12:22  Hive  
  102  12:23  Corruptor x4  
  92  12:56  Mutalisk x2  
  92  12:57  Mutalisk x4  
  104  12:59  Overlord x2  
  104  13:00  Overlord  
  98  13:13  Evolution Chamber x2  
  96  13:35  Zergling x8  
  96  13:36  Zergling x2  
  96  13:37  Zergling x10  
  106  13:48  Zergling x18  
  107  13:49  Zergling x4  
  110  14:00  Drone x2  
  110  14:01  Drone x4  
  113  14:08  Zerg Missile Weapons Level 1  
  113  14:09  Zerg Ground Armor Level 1  
  107  14:19  Zergling x6  
  107  14:20  Zergling x4  
  107  14:21  Zergling x6  
  115  14:28  Hatchery  
  111  14:34  Drone x2  
  111  14:35  Drone x3  
  111  14:36  Drone  
  113  15:03  Seismic Spines  
  85  15:24  Hydralisk  
  85  15:25  Hydralisk x5  
  89  15:42  Hydralisk  
  81  15:43  Hydralisk x8  
  81  15:45  Zergling x2  
  81  15:46  Zergling x16  
  81  15:49  Drone  
  103  15:59  Zergling x6  
  103  16:00  Adaptive Talons, Zergling x8  
  103  16:01  Zergling x2  
  93  16:13  Drone x7, Zergling x4  
  93  16:14  Zergling x6  
  93  16:15  Zergling x4  
  93  16:16  Zergling x2  
  86  16:28  Hatchery  
  86  16:31  Lurker x3  
  88  16:34  Drone  
  88  16:35  Queen  
  88  16:37  Spine Crawler  
  90  16:44  Overlord  
  90  16:56  Spore Crawler  
  90  16:58  Zerg Missile Weapons Level 2, Zerg Ground Armor Level 2  
  90  16:59  Spore Crawler x2  
  87  17:02  Drone  
  87  17:03  Drone  
  89  17:21  Zergling x2  
  90  17:24  Zergling x6  
  90  17:25  Zergling x6  
  90  17:26  Zergling x12  
  90  17:27  Zergling x2  
  97  17:44  Hydralisk Den  
  87  18:13  Overlord x4  
  87  18:15  Overlord  
  87  18:16  Overlord x2  
  82  18:31  Queen  
  72  18:39  Drone  
  72  18:40  Drone x2  
  75  18:41  Extractor  
  74  18:56  Overlord x2  
  74  18:57  Overlord x3  
  74  19:03  Drone x2  
  74  19:04  Hydralisk Den  
  66  19:41  Extractor  
  66  19:45  Spine Crawler x2  
  63  19:46  Queen, Hydralisk  
  63  19:47  Hydralisk x2  
  66  19:53  Hydralisk  
  66  19:54  Hydralisk x3  
  74  20:20  Spore Crawler  
  73  20:27  Drone  
  73  20:28  Ultralisk Cavern, Drone x4  
  76  20:29  Lurker  
  76  20:30  Lurker x6  
  76  20:35  Zerg Melee Weapons Level 1  
  69  21:25  Spire, Ultralisk x2  
  68  21:53  Zergling x2, Hatchery  
  68  21:54  Zergling x8  
  72  21:59  Zergling x2  
  73  22:09  Zergling x8  
  70  22:37  Zerg Melee Weapons Level 2  
  57  22:46  Hydralisk x2  
  57  22:47  Hydralisk x2  
  59  23:01  Mutalisk x3  
  65  23:13  Lurker  
  65  23:14  Lurker x3  
  65  23:19  Drone x2  
  68  23:53  Hatchery  
  64  24:27  Corruptor  
  64  24:28  Corruptor x8  
  82  24:32  Zerg Flyer Armor Level 1  
  76  24:56  Hydralisk  
  76  24:57  Hydralisk  
  76  24:59  Hatchery  
  62  25:30  Hydralisk x5  
  62  25:31  Hydralisk x3  
  62  25:33  Drone  
  62  25:34  Drone  
  80  25:37  Drone  
  80  25:40  Lurker x2  
  81  25:51  Roach x2  
  81  25:56  Drone x2  
  67  26:30  Lurker x3  
  67  26:31  Lurker  
  71  26:44  Drone x3  
  71  26:46  Ravager x2  
  76  26:49  Drone x6  
  61  27:16  Drone x2  
  61  27:17  Drone  
  61  27:19  Drone x2  
  61  27:20  Drone  
  61  27:22  Drone x3  
  70  27:23  Drone  
  70  27:24  Drone x2  
  70  27:27  Drone x6  
  56  28:04  Mutalisk x2  
  56  28:05  Mutalisk x9  
  43  28:09  Zergling x4  
  60  28:23  Zergling x6  
  59  28:28  Zergling x6  
  59  28:29  Zergling x2  
  59  28:30  Drone x3  
  64  28:39  Drone x2  
  64  28:40  Drone  
  67  28:44  Drone x2  
  67  28:45  Drone  
  70  28:54  Drone x2  
  59  29:32  Drone x2  
  59  29:33  Drone  
  59  29:36  Zergling x2  
  59  29:37  Zergling x36  
  81  29:48  Drone x6  
  81  29:49  Drone  
  59  30:44  Drone x3  
  59  30:46  Drone x3  
  63  30:50  Extractor  
  63  30:53  Drone x3  
  63  30:57  Extractor  
  58  30:58  Extractor  
  58  30:59  Zergling x12  
  58  31:00  Zergling x26  
  58  31:03  Queen  
  78  31:06  Hydralisk  
  78  31:07  Hydralisk x2  
  84  31:15  Drone x2  
  84  31:17  Drone x3  
  89  31:43  Lurker x3  
  89  31:44  Hydralisk x2  
  89  31:45  Hydralisk x6  
  108  31:53  Spine Crawler x2, Drone  
  107  31:56  Drone  
  107  31:58  Queen  
  91  33:12  Zergling x2  
  92  33:13  Zergling x30  
  92  33:14  Zergling x10  
  92  33:15  Zergling x8  
  92  33:16  Zerg Melee Weapons Level 3, Zerg Ground Armor Level 3  
  92  33:17  Adrenal Glands  
  116  33:23  Queen  
  116  33:24  Extractor x2  
  99  33:44  Lurker x3  
  99  33:45  Lurker x4  
  99  33:46  Hydralisk x5  
  109  33:52  Drone x3  
  112  34:05  Drone x3  
  96  34:27  Drone  
  96  34:29  Hydralisk x2  
  96  34:30  Hydralisk x4, Drone x5  
  100  34:41  Hatchery  
  99  34:46  Zergling x2  
  99  34:47  Zergling x4  
  102  34:56  Drone x3  
  105  35:00  Lair  
  105  35:01  Drone x2  
  98  35:07  Zergling x2  
  98  35:08  Zergling x4  
  96  36:07  Drone x2  
  98  36:15  Drone x5  
  101  36:31  Overlord x3  
  98  36:46  Corruptor  
  90  36:47  Corruptor x6  
  90  36:49  Corruptor  
  90  36:50  Corruptor  
  98  37:06  Spawning Pool  
Show
View Real Time Build Order
Export as new Build Order

IIIIIIIIIIII Terran - Winner!

Build Orders: 1/1/1 

Get SALT Encoding   

  12  0:00  SCV  
  13  0:12  SCV  
  14  0:17  Supply Depot  
  14  0:24  SCV  
  15  0:38  SCV  
  15  0:40  Barracks  
  16  0:43  Refinery  
  16  0:50  SCV  
  16  0:55  Refinery  
  17  1:03  SCV  
  18  1:15  SCV  
  19  1:28  Orbital Command  
  19  1:29  Supply Depot  
  19  1:34  Factory  
  19  1:38  Marine  
  21  1:54  SCV  
  21  1:56  Marine  
  22  2:06  SCV  
  23  2:19  Starport  
  23  2:21  Marine, Hellion  
  23  2:22  SCV  
  27  2:24  Supply Depot  
  27  2:34  SCV  
  28  2:39  Marine  
  29  2:45  Hellion  
  29  2:49  SCV  
  32  2:56  Starport Tech Lab, Fusion Core  
  32  3:01  SCV, Marine  
  34  3:07  Hellion  
  34  3:11  Bunker  
  36  3:14  SCV  
  36  3:16  Supply Depot  
  37  3:23  Marine  
  38  3:38  Hellion  
  40  3:44  Battlecruiser  
  46  3:48  Supply Depot  
  46  3:59  Factory Reactor  
  46  4:05  Weapon Refit  
  46  4:24  Command Center  
  46  4:38  Cyclone  
  48  4:39  Cyclone  
  48  4:42  SCV  
  51  4:48  Medivac  
  53  4:56  Supply Depot  
  53  5:12  Supply Depot  
  52  5:14  Supply Depot  
  52  5:18  Cyclone x2  
  55  5:34  SCV  
  56  5:46  SCV  
  56  5:49  Orbital Command  
  57  5:50  Cyclone x2  
  57  5:51  Liberator  
  64  6:01  Factory  
  58  6:44  Orbital Command  
  56  6:52  Factory Reactor  
  56  6:56  Factory  
  56  6:59  Factory  
  56  7:07  Cyclone  
  58  7:29  Cyclone  
  62  7:30  Cyclone x2  
  62  7:35  Command Center  
  64  7:42  Cyclone  
  63  7:44  Refinery, SCV x2  
  63  7:45  Refinery  
  63  7:49  Engineering Bay  
  65  7:56  SCV x2  
  67  7:59  Cyclone  
  67  8:00  Cyclone  
  71  8:08  SCV x2  
  71  8:11  Cyclone  
  75  8:20  SCV  
  75  8:21  SCV  
  75  8:24  Cyclone x2  
  75  8:25  Cyclone  
  83  8:36  Missile Turret x2  
  83  8:41  Missile Turret x2  
  83  8:42  Missile Turret  
  83  8:45  SCV x2  
  85  8:51  Cyclone, Missile Turret  
  87  9:06  Planetary Fortress  
  87  9:11  Missile Turret  
  87  9:19  Missile Turret  
  87  9:20  Cyclone x2  
  87  9:21  Cyclone  
  87  9:24  Factory Tech Lab  
  93  9:25  Factory Tech Lab  
  93  9:33  Missile Turret  
  93  9:45  Cyclone x3  
  97  9:52  Barracks, Cyclone  
  100  10:14  SCV  
  101  10:15  SCV  
  101  10:16  Cyclone  
  101  10:22  Armory  
  101  10:24  Supply Depot  
  101  10:37  Barracks Reactor  
  101  10:39  Cyclone x4  
  101  10:41  Cyclone, SCV x3  
  114  10:48  Cyclone  
  114  10:49  Barracks Tech Lab  
  116  10:54  Barracks  
  116  10:55  Barracks  
  116  10:57  SCV x3  
  115  11:20  Barracks  
  115  11:23  Barracks  
  115  11:25  Barracks x2  
  115  11:31  Barracks  
  101  11:54  Barracks Tech Lab x2  
  101  11:55  Stimpack  
  101  11:56  Command Center  
  101  12:07  Marauder  
  103  12:12  Terran Vehicle Weapons Level 1  
  103  12:15  Siege Tank  
  106  12:16  Barracks Tech Lab x3  
  106  12:22  Missile Turret  
  93  12:45  Marauder x5  
  103  12:54  Battlecruiser  
  105  13:07  Marauder  
  105  13:08  Marauder x3  
  105  13:10  Planetary Fortress  
  105  13:12  SCV  
  114  13:13  SCV  
  114  13:15  SCV  
  116  13:24  SCV  
  117  13:28  Refinery, SCV  
  117  13:29  Refinery  
  117  13:31  Missile Turret  
  118  13:35  Concussive Shells  
  118  13:37  Marauder  
  114  13:43  Barracks Tech Lab, Marauder x2  
  118  13:52  Supply Depot  
  108  14:13  Marauder x6  
  108  14:14  Marauder  
  108  14:16  SCV x2  
  124  14:17  Supply Depot  
  124  14:18  Combat Shield  
  124  14:24  Thor  
  130  14:34  Marauder x3  
  130  14:40  Missile Turret  
  130  14:42  Missile Turret x2  
  130  14:44  SCV  
  130  14:45  SCV  
  132  14:47  Marauder  
  132  14:49  Raven  
  132  14:50  Marauder x3  
  142  14:55  SCV x2  
  142  14:57  SCV x2  
  146  15:07  SCV  
  147  15:18  Refinery  
  147  15:20  Refinery  
  143  15:23  Thor x2  
  151  15:43  Marauder  
  151  15:44  Marauder  
  151  15:48  Supply Depot, SCV  
  156  15:53  SCV, Marauder x3  
  156  15:56  Marauder  
  114  16:27  Marauder x3  
  114  16:28  Marauder  
  114  16:29  Raven  
  121  16:32  SCV  
  121  16:41  Starport  
  121  16:42  Starport x2  
  121  16:43  Starport  
  121  16:45  Starport  
  121  16:54  Command Center  
  121  16:56  Hyperflight Rotors  
  121  17:09  Supply Depot  
  121  17:12  Missile Turret  
  121  17:13  Raven  
  122  17:36  Starport Tech Lab x4  
  122  17:37  Starport Tech Lab  
  122  17:38  Command Center  
  113  17:53  Refinery  
  113  17:57  Missile Turret  
  102  17:59  Missile Turret  
  97  18:11  Raven x6  
  105  18:38  Command Center  
  105  18:45  Raven x2  
  105  18:48  Raven  
  111  18:57  Interference Matrix  
  101  19:14  Raven  
  95  19:30  Raven  
  87  19:40  SCV  
  87  19:44  Raven  
  90  19:53  Refinery, Cloaking Field  
  90  19:59  SCV  
  91  20:03  Raven  
  93  20:10  Refinery  
  93  20:11  Refinery  
  93  20:15  Command Center  
  93  20:17  Command Center  
  93  20:19  Engineering Bay, Planetary Fortress  
  93  20:20  Missile Turret  
  93  20:26  Neosteel Armor  
  92  20:36  Command Center  
  92  20:39  Marine  
  92  20:40  Marine x5  
  92  20:41  Missile Turret  
  92  20:42  SCV  
  99  20:45  Missile Turret  
  98  21:07  Missile Turret  
  98  21:16  Marine x5  
  98  21:17  Marine  
  98  21:18  Marine  
  105  21:34  Marine  
  106  21:45  Marine  
  106  21:46  Marine x5  
  112  21:52  Marine  
  113  21:57  Planetary Fortress  
  113  21:58  Engineering Bay  
  113  22:00  SCV  
  113  22:03  Marine x2  
  113  22:04  Marine  
  116  22:12  Marine x4  
  119  22:21  Marine x3  
  122  22:29  Orbital Command  
  113  22:50  Planetary Fortress  
  112  22:53  SCV x5  
  117  22:59  Marine x2  
  117  23:00  Marine x2  
  117  23:03  SCV x2  
  117  23:04  Missile Turret  
  117  23:05  SCV  
  124  23:06  Sensor Tower, Missile Turret  
  124  23:11  Planetary Fortress  
  123  23:15  SCV x2  
  123  23:17  SCV  
  126  23:27  Missile Turret  
  125  23:41  Hi-Sec Auto Tracking  
  125  23:44  SCV x2  
  125  23:45  SCV  
  128  24:00  Terran Vehicle Weapons Level 2  
  128  24:02  Siege Tank, Thor  
  136  24:03  Hellion x4  
  122  24:24  Hellion  
  123  24:34  Siege Tank  
  126  24:39  Marine x7  
  133  24:46  SCV x3  
  133  24:47  SCV  
  137  24:58  Missile Turret  
  137  24:59  Missile Turret x2  
  137  25:02  Missile Turret  
  137  25:05  Command Center, SCV  
  138  25:10  SCV  
  139  25:15  Marine  
  139  25:16  Marine x3  
  139  25:19  Marine x2  
  141  25:28  Marine  
  141  25:33  Marine x2  
  141  25:34  Marine x2  
  141  25:35  Drilling Claws  
  146  25:37  Marine x2  
  146  25:39  Infernal Pre-Igniter  
  148  26:01  Marine x2  
  148  26:02  Marine x5  
  155  26:10  Orbital Command  
  145  26:19  Marine  
  145  26:21  Battlecruiser x3  
  145  26:22  Battlecruiser  
  170  26:30  Missile Turret  
  170  26:31  SCV  
  170  26:32  SCV  
  172  26:38  Marine  
  172  26:39  Marine x4  
  151  27:07  Battlecruiser x2  
  157  27:22  Thor x2  
  163  27:25  Medivac x2  
  171  27:33  Missile Turret  
  171  27:34  Missile Turret  
  162  27:58  Refinery  
  162  28:05  Battlecruiser x3  
  178  28:31  Battlecruiser  
  178  28:32  Battlecruiser  
  190  28:35  Terran Ship Weapons Level 1  
  184  28:44  Orbital Command  
  184  28:45  Orbital Command  
  184  29:01  Command Center  
  184  29:04  Missile Turret  
  176  29:22  Battlecruiser  
  182  29:24  Missile Turret  
  182  29:44  Supply Depot  
  182  29:50  Battlecruiser  
  188  29:57  Command Center, Sensor Tower  
  188  30:00  Sensor Tower  
  188  30:02  Missile Turret x2  
  184  30:17  Sensor Tower  
  178  30:21  Sensor Tower  
  178  30:22  Battlecruiser x2  
  178  30:24  Battlecruiser  
  181  31:18  Supply Depot  
  181  31:22  Battlecruiser  
  181  31:23  Battlecruiser  
  193  31:27  Terran Vehicle And Ship Armor Level 1  
  193  31:32  Marine x5  
  195  31:33  Marine x2  
  195  31:39  Planetary Fortress  
  197  31:40  Missile Turret  
  197  31:50  Marine x3  
  197  31:51  Missile Turret  
  198  32:14  Marine  
  198  32:15  Marine x4  
  200  32:49  Refinery  
  188  32:53  Sensor Tower x2  
  188  32:54  Refinery  
  188  32:56  Marine x3  
  161  33:01  Marine  
  161  33:02  Marine x3  
  156  33:13  Marine  
  156  33:14  Marine x2  
  156  33:15  SCV  
  156  33:16  SCV x6  
  156  33:19  Marine  
  167  33:20  Marine x3  
  167  33:21  Terran Ship Weapons Level 2, Orbital Command  
  168  33:28  SCV x4  
  168  33:31  Marine x2  
  168  33:32  Marine  
  173  33:37  Marine x4  
  163  33:49  Marine x3  
  163  33:52  SCV x3  
  163  33:55  SCV, Marine x3  
  171  33:59  Marine  
  174  34:07  Marine  
  174  34:08  Marine x2  
  177  34:12  Marine  
  177  34:13  Marine x2  
  173  34:29  Battlecruiser  
  162  34:46  Battlecruiser  
  158  35:08  Battlecruiser  
  144  35:29  Orbital Command  
  144  35:37  Command Center  
  148  36:40  Siege Tank x2  
Tags
 
Composition
Lurkers
Matchup
TvZ
Spawn Locations
Cross Positions
Add a new tag
Caveats
  • Supply blocks, unpowered buildings, or Contaminate may cause inaccurate times.
  • Supply counts are checked every 10 seconds.